 Dungeon Crawl Stone Soup version 0.30-a0-1157-g2cc9ac7196 (webtiles) character file.

Game seed: 16622766574460952933

39265 lunkers the Scorcher (level 14, -7/111 HPs)
             Began as a Meteoran Fire Elementalist on Apr 24, 2023.
             Was a High Priest of Vehumet.
             Mangled by a snapping turtle (24 damage)
             ... on level 1 of the Shoals.
             The game lasted 00:35:10 (5908 turns).

lunkers the Scorcher (Meteoran Fire Elementalist)   Turns: 5908, Time: 00:35:11

Health: -7/111     AC: 10    Str:  9    XL:     14   Next: 77%
Magic:  11/29      EV: 21    Int: 23    God:    Vehumet [*****.]
Gold:   748        SH:  0    Dex: 15    Spells: 23/40 levels left

rFire   . . .        o - +1 rapier (elec)
rCold   . . .        (no shield)
rNeg    . . .        C - +2 robe {Archmagi}
rPois   .            E - +2 hat {SInv}
rElec   .            K - scarf {shadows}
rCorr   .            (no gloves)
SInv    +            (no boots)
Will    +....        g - amulet of regeneration
Stlth   +            z - +5 ring of evasion
HPRegen 1.18/turn    f - +4 ring of protection
MPRegen 0.21/turn

%: archmagi
@: glowing, very slow
A: sense surroundings 2, otherworldly, glowing, explore regen, low MP 1
a: Renounce Religion


You were on level 1 of the Shoals.
You worshipped Vehumet.
Vehumet was extremely pleased with you.
You visited 3 branches of the dungeon, and saw 15 of its levels.
You also visited: Ossuary.

You collected 748 gold pieces.

Inventory:

Hand Weapons
 o - a +1 rapier of electrocution (weapon)
Missiles
 A - 6 curare-tipped darts
Armour
 n - a +2 ring mail of cold resistance
 C - a +2 robe of the Archmagi (worn)
 E - a +2 hat of see invisible (worn)
 K - a scarf of shadows (worn)
 N - a +0 troll leather armour
Jewellery
 d - a ring of magical power
 f - a +4 ring of protection (right hand)
 g - an amulet of regeneration (around neck)
 j - an amulet of faith
 q - a ring of protection from cold
 z - a +5 ring of evasion (left hand)
 I - a ring of protection from cold
 M - a +4 ring of protection
Wands
 a - a wand of polymorph (4)
 r - a wand of flame (7)
 x - a wand of quicksilver (4)
 F - a wand of iceblast (4)
 H - a wand of digging (7)
 L - a wand of paralysis (6)
 P - a wand of mindburst (6)
Scrolls
 l - 3 scrolls of teleportation
 p - a scroll of silence
 u - 3 scrolls of immolation
 y - 4 scrolls of enchant weapon
 Q - a scroll of enchant armour
 R - a scroll of blinking {unknown}
Potions
 b - 2 potions of magic
 c - 3 potions of heal wounds
 e - 9 potions of curing
 h - 3 potions of flight
 i - 2 potions of brilliance
 k - 2 potions of mutation
 m - 2 potions of attraction {unknown}
 s - 4 potions of ambrosia
 t - a potion of might {unknown}
 v - 3 potions of degeneration {unknown}
 D - 2 potions of resistance {unknown}
 G - a potion of haste {unknown}
 J - a potion of invisibility {unknown}
Miscellaneous
 w - a tin of tremorstones (2/2)
 O - a phantom mirror


   Skills:
 + Level 6.6 Fighting
 + Level 7.8 Dodging
 - Level 1.4 Stealth
 + Level 13.9 Spellcasting
 + Level 12.4 Conjurations
 * Level 19.2 Fire Magic


You had 23 spell levels left.
You knew the following spells:

 Your Spells              Type           Power      Damage    Failure   Level
a - Foxfire               Conj/Fire      100%       2x1d9     0%          1
b - Scorch                Fire           100%       2d9       0%          2
c - Flame Wave            Conj/Fire      93%        2d20      1%          4
d - Arcjolt               Conj/Air       30%        1d40      2%          5
e - Irradiate             Conj/Tmut      30%        3d21      2%          5

Your spell library contained the following spells:

 Spells                   Type           Power      Damage    Failure   Level
 Momentum Strike          Conj/Tloc      100%       3d10      1%          2
 Inner Flame              Hex/Fire       74%        N/A       1%          3
 Volatile Blastmotes      Fire/Tloc      100%       2d18      1%          3
 Beastly Appendage        Tmut           46%        N/A       3%          1
 Necrotise                Necr           92%        1d8       3%          1
 Blink                    Tloc           46%        N/A       6%          2
 Lesser Beckoning         Tloc           46%        N/A       6%          2
 Wereblood                Tmut           23%        N/A       6%          2
 Gell's Gravitas          Tloc           23%        N/A       12%         3
 Portal Projectile        Hex/Tloc       46%        N/A       12%         3
 Spider Form              Tmut/Pois      23%        N/A       12%         3
 Teleport Other           Tloc           23%        N/A       12%         3
 Tukima's Dance           Hex            23%        N/A       12%         3
 Vampiric Draining        Necr           23%        2d7       12%         3
 Passage of Golubria      Tloc           23%        N/A       36%         4
 Summon Ice Beast         Ice/Summ       23%        N/A       36%         4
 Agony                    Necr           23%        N/A       71%         5
 Blade Hands              Tmut           11%        N/A       71%         5
 Silence                  Hex/Air        11%        N/A       71%         5
 Summon Mana Viper        Hex/Summ       23%        N/A       71%         5
 Lehudib's Crystal Spear  Conj/Erth      30%        10d8      98%         8
 Monstrous Menagerie      Summ           11%        N/A       100%        7


Dungeon Overview and Level Annotations

Branches:
Dungeon (9/15) Zot: 1669     Lair (5/5) D:9 Zot: 1213  Shoals (1/4) Lair:2 Zot: 357
  Slime (0/5) Lair:5      Ossuary (visited)
 Temple: D:4-7        Snake: Lair:2-3    Spider: Lair:2-3       Orc: D:9-12

Altars:
Cheibriados
Kikubaaqudgha
Makhleb
Okawaru
Sif Muna
Uskayaw
Vehumet
Wu Jian
The Shining One
Jiyva

Shops:
D:2 (**[(   Shoals:1 [

Annotations:
Lair:1 2 transporters
Lair:4 1 runed translucent door


Innate Abilities, Weirdness & Mutations

You passively map the area around you.
You are easily found by Zot.
You glow in the dark.
You regain HP and MP as you explore.
Your magical capacity is low. (-10% MP)


Message History

Confirm with . or Enter, or press ? or * to list all spells.
You feel a surge of power!
Electricity surges outward!
The wind drake is struck by an electric surge.
The wind drake is severely wounded.
The merfolk siren is struck by an electric surge!
You break out of your daze!
You kill the merfolk siren!
Vehumet accepts your kill.
You hear a splash.
The wind drake misses you. The snapping turtle misses you.
Unknown command.
Casting: Arcjolt (dangerous; 2% risk of failure)
Confirm with . or Enter, or press ? or * to list all spells.
You feel a surge of power!
Electricity surges outward!
The wind drake is struck by an electric surge!
The wind drake is almost dead.
The wind drake flaps its wings at you. The air twists around and strikes you!!
* * * LOW HITPOINT WARNING * * *
The snapping turtle barely misses you.
The wind drake exhales a fierce blast of wind!
You are knocked back by the gust of wind.
You violently stop moving!
* * * LOW HITPOINT WARNING * * *
Splash!
You fall into the shallow water.
Moving in this stuff is going to be slow.
The snapping turtle bites you from afar!
* * * LOW HITPOINT WARNING * * *
The snapping turtle bites you from afar.
* * * LOW HITPOINT WARNING * * *
The wind drake exhales a fierce blast of wind!
You are knocked back by the gust of wind.
You violently stop moving!
* * * LOW HITPOINT WARNING * * *
Splash!
You fall into the shallow water.
Moving in this stuff is going to be slow.
The snapping turtle bites you from afar!!
You die...

.~........~.~.~~~~.~~ ~ ~
~ ~~.........~~~~~~~~~~≈~
* ~~......~~~~~~~~~~~~≈≈≈
* ......~.~~~~~~~~~~≈≈≈~~
* *
~.~...~~~~~~~~~~~~~≈~~~ *
~ ~~~.....~~~~~~~~~~~≈~~~
*, ,
~~~~~...~~~...tt~~~~~~.#
,~
~~~~~~~..~~.#÷~)~≈≈~~~.#*
~~
~~~~.~~~~~..÷.k<@≈≈≈~~~.
~~~...~~~~~......~≈≈≈~~~~
~~~ ,
.~..##.....~....)~~≈≈≈~~
~ ~ ...
##....~.###.~~≈≈≈≈~ ,
..~~~~..###.~~≈≈≈≈≈ ,
...~.#####..~~≈≈≈≈≈ ,
.~~...##...~~~≈≈≈≈≈ ~ ~~
, , ,..........~~≈≈≈≈≈≈ ~
~ ,.........~≈≈≈≈≈≈


You could see 2 snapping turtles and a wind drake (repels missiles, catching
breath).

Vanquished Creatures
  Rupert (Lair:5)
  Gastronok (D:9)
  A hydra (Lair:5)
  2 merfolk avatars (Shoals:1)
  A catoblepas (Lair:5)
  A deep troll shaman (Lair:5)
  4 death yaks (Lair:5)
  2 skysharks
  Pikel (D:8)
  4 harpies (Shoals:1)
  6 elephants (Lair:5)
  2 cyclopes
  2 water nymphs (Shoals:1)
  2 merfolk sirens (Shoals:1)
  2 black mambas
  A torpor snail (Lair:5)
  2 rime drakes
  19 cane toads
  6 komodo dragons
  A polar bear (Lair:5)
  4 merfolk
  Prince Ribbit (D:8)
  3 snapping turtles
  23 blink frogs
  4 dream sheep (Shoals:1)
  Sigmund (D:4)
  12 yaks
  Eustachio (D:4)
  5 wyverns
  2 basilisks
  A wraith (D:9)
  16 water moccasins
  2 orc warriors
  An ice beast (D:6)
  A sky beast (D:7)
  7 black bears
  2 ogres (D:5)
  2 phantoms
  10 wolves
  A kobold brigand (D:8)
  4 lemures (D:8)
  An elf zombie (Ossuary)
  8 bullfrogs
  A gnoll sergeant (D:6)
  5 necrophages (Lair:3)
  3 scorpions
  7 wights (D:9)
  3 electric eels
  2 centaur zombies (Ossuary)
  5 jellies
  3 hounds
  A gnoll bouda (D:5)
  An iron imp (D:5)
  5 hell rats (Lair:2)
  2 iguanas
  2 sleepcaps
  An orc wizard (D:8)
  2 mummies (Ossuary)
  7 gnolls
  8 adders
  An ufetubus (D:7)
  3 dart slugs
  8 orcs
  5 bats
  5 endoplasms
  6 giant cockroaches
  7 goblins
  3 hobgoblins
  4 jackals (D:1)
  10 kobolds
  5 quokkas
  6 ball pythons
  4 frilled lizards
  A goblin zombie (Ossuary)
  8 hobgoblin zombies (Ossuary)
  3 jackal zombies (Ossuary)
  12 kobold zombies (Ossuary)
  9 orc zombies (Ossuary)
  3 rats
  A rat zombie (Ossuary)
  A bush (Lair:5)
336 creatures vanquished.

Vanquished Creatures (others)
  141 foxfires
  39 fungi
  53 plants
233 creatures vanquished.

Grand Total: 569 creatures vanquished

Notes
Turn   | Place    | Note
-------+----------+-------------------------------------------
     0 | D:1      | lunkers the Meteoran Fire Elementalist began the quest for
                  | the Orb.
     0 | D:1      | Reached XP level 1. HP: 14/14 MP: 5/5
    69 | D:1      | Reached skill level 4 in Fire Magic
    69 | D:1      | Reached XP level 2. HP: 20/20 MP: 1/6
   220 | D:1      | Learned a level 2 spell: Scorch
   251 | D:1      | Reached XP level 3. HP: 26/26 MP: 8/8
   410 | D:2      | Found Tip Byan's Weapon Boutique.
   453 | D:2      | Found Xujiroe's Armour Emporium.
   504 | D:2      | Found Xeruad's General Store.
   564 | D:2      | Found Kuamp's Assorted Antiques.
   711 | D:2      | Reached skill level 5 in Fire Magic
   711 | D:2      | Reached XP level 4. HP: 33/33 MP: 10/10
   721 | D:2      | Found Wyarphaj's Antique Weapon Shop.
  1015 | D:3      | Reached XP level 5. HP: 38/38 MP: 11/11
  1260 | D:4      | Noticed Eustachio
  1267 | D:4      | Killed Eustachio
  1268 | D:4      | Reached skill level 6 in Fire Magic
  1268 | D:4      | Reached XP level 6. HP: 39/45 MP: 8/14
  1284 | D:4      | Found an ancient bone altar of Kikubaaqudgha.
  1288 | D:4      | Reached skill level 7 in Fire Magic
  1401 | D:4      | Noticed a black bear
  1404 | D:4      | Noticed Sigmund
  1407 | D:4      | Killed a black bear
  1408 | D:4      | Reached skill level 5 in Spellcasting
  1408 | D:4      | Reached XP level 7. HP: 34/50 MP: 12/15
  1409 | D:4      | Killed Sigmund
  1410 | D:4      | Reached skill level 8 in Fire Magic
  1445 | D:4      | Found a radiant altar of Vehumet.
  1452 | D:4      | Became a worshipper of Vehumet
  1458 | D:4      | Learned a level 4 spell: Flame Wave
  1516 | D:5      | Entered Level 5 of the Dungeon
  1562 | D:5      | Reached XP level 8. HP: 57/57 MP: 13/17
  1697 | D:5      | Reached skill level 9 in Fire Magic
  1725 | D:5      | Found a snail-covered altar of Cheibriados.
  1932 | D:5      | Reached skill level 10 in Fire Magic
  2026 | D:6      | Gained mutation: You passively map the area around you.
                  | [Meteoran growth]
  2026 | D:6      | Reached XP level 9. HP: 49/62 MP: 19/20
  2046 | D:6      | Reached * piety under Vehumet
  2046 | D:6      | Offered knowledge of Kiss of Death by Vehumet.
  2449 | D:6      | Found a sand-covered staircase.
  2468 | Ossuary  | Entered an ossuary
  2536 | Ossuary  | Reached ** piety under Vehumet
  2541 | Ossuary  | Reached skill level 11 in Fire Magic
  2541 | Ossuary  | Offered knowledge of Sandblast by Vehumet.
  2862 | D:7      | Found a burning altar of Makhleb.
  2958 | D:7      | Reached skill level 5 in Conjurations
  2979 | D:7      | Found an iron altar of Okawaru.
  2988 | D:7      | You fall into a shaft and drop 1 floor!
  3029 | D:8      | Noticed Pikel
  3041 | D:8      | Killed Pikel
  3042 | D:8      | Reached skill level 12 in Fire Magic
  3042 | D:8      | Reached XP level 10. HP: 49/69 MP: 14/23
  3080 | D:8      | Found an ornate altar of the Wu Jian Council.
  3081 | D:8      | Noticed Prince Ribbit
  3085 | D:8      | Killed Prince Ribbit
  3092 | D:8      | Found a hide-covered altar of Uskayaw.
  3094 | D:8      | Found a glowing golden altar of the Shining One.
  3094 | D:8      | Found a shimmering blue altar of Sif Muna.
  3424 | D:8      | Offered knowledge of Searing Ray by Vehumet.
  3751 | D:9      | Noticed a cyclops
  3754 | D:9      | Killed a cyclops
  3755 | D:9      | Reached skill level 13 in Fire Magic
  3768 | D:9      | Noticed Gastronok
  3783 | D:9      | Killed Gastronok
  3783 | D:9      | Reached *** piety under Vehumet
  3784 | D:9      | Reached XP level 11. HP: 16/74 MP: 2/25
  3880 | D:9      | Reached skill level 10 in Spellcasting
  3889 | D:9      | Reached skill level 14 in Fire Magic
  3913 | D:9      | Found a staircase to the Lair.
  3929 | Lair:1   | Entered Level 1 of the Lair of Beasts
  3933 | Lair:1   | Offered knowledge of Mephitic Cloud by Vehumet.
  3961 | Lair:1   | Found a transporter.
  3965 | Lair:1   | Found a transporter.
  4045 | Lair:2   | Reached skill level 15 in Fire Magic
  4202 | Lair:3   | Reached XP level 12. HP: 56/81 MP: 20/28
  4268 | Lair:3   | Reached **** piety under Vehumet
  4278 | Lair:3   | Reached skill level 16 in Fire Magic
  4278 | Lair:3   | Offered knowledge of Arcjolt by Vehumet.
  4302 | Lair:3   | Noticed Rupert
  4339 | Lair:4   | Reached skill level 10 in Conjurations
  4382 | Lair:5   | Entered Level 5 of the Lair of Beasts
  4400 | Lair:5   | Learned a level 5 spell: Arcjolt
  4450 | Lair:5   | Reached skill level 1 in Fighting
  4456 | Lair:5   | Noticed a death yak
  4463 | Lair:5   | Killed a death yak
  4466 | Lair:5   | Reached XP level 13. HP: 59/93 MP: 27/30
  4468 | Lair:5   | Reached skill level 17 in Fire Magic
  4495 | Lair:5   | Reached ***** piety under Vehumet
  4521 | Lair:5   | Offered knowledge of Irradiate by Vehumet.
  4533 | Lair:5   | Found a viscous altar of Jiyva.
  4541 | Lair:5   | Found a staircase to the Slime Pits.
  4597 | Lair:5   | Reached skill level 5 in Dodging
  4648 | Lair:5   | Learned a level 5 spell: Irradiate
  4771 | Lair:5   | Gained mutation: Your magical capacity is low. (-10% MP)
                  | [mutagenic glow]
  4772 | Lair:5   | Killed Rupert
  4803 | Lair:5   | Reached skill level 18 in Fire Magic
  4944 | Lair:5   | Noticed a catoblepas
  4944 | Lair:5   | Noticed a death yak
  4945 | Lair:5   | Noticed a death yak
  4945 | Lair:5   | Noticed a death yak
  4956 | Lair:5   | Killed a catoblepas
  4964 | Lair:5   | Killed a death yak
  4965 | Lair:5   | Reached skill level 5 in Fighting
  5064 | Lair:5   | Killed a death yak
  5065 | Lair:5   | Killed a death yak
  5066 | Lair:5   | Reached XP level 14. HP: 62/107 MP: 17/29
  5102 | Lair:5   | Identified the +10 quarterstaff "Fonninen" {heavy, rElec
                  | rC+ Stlth+}
  5192 | Lair:4   | Found a runed translucent door.
  5577 | Lair:2   | Found a staircase to the Shoals.
  5601 | Shoals:1 | Entered Level 1 of the Shoals
  5686 | Shoals:1 | Reached skill level 19 in Fire Magic
  5711 | Shoals:1 | Found Schrutan's Dragon-Slaying Spoils.
  5842 | Shoals:1 | HP: 4/111 [merfolk/+0 trident (17)]
  5908 | Shoals:1 | Mangled by a snapping turtle

Illustrated notes

Levels and vault maps discovered:
D:1:      lemuel_arrival_muddy, layout_basic
D:2:      layout_loops_ring, serial_shops, nicolae_diamond_shop, shop, shop,
          shop, nicolae_shop_back_alley_shop
D:3:      layout_basic, minmay_goblin_outpost
D:4:      layout_basic, vehumet_crystals, mainiacjoe_overflow_brackets,
          uniq_sigmund, uniq_eustachio
D:5:      layout_loops_corners, slow_altar_2, minmay_temple_entry_fiery,
          st_stairs_11
D:6:      layout_loops_corners, enter_ossuary_1
D:7:      layout_loops_ring, mainiacjoe_overflow_alcove_1, okawaru_trees_2
D:8:      layout_basic, chequers_temple_overflow_statue_of_worship,
          nicolae_overflow_hidden_temple, uniq_pikel, uniq_prince_ribbit1
D:9:      layout_stronghold, kennysheep_mini, grunt_lair_entry_orc_guard_hut,
          serial_bayou, serial_bayou_pond_b, serial_bayou_pond_d,
          serial_bayou_crossing, serial_bayou_pond_b,
          chequers_serial_rivers_marsh, uniq_gastronok
Lair:1:   layout_regular_city, gammafunk_ghost_hive, basic_altar,
          serial_bayou_lagoon_a, infiniplex_staircase_pool
Lair:2:   layout_regular_city, minmay_shoals_entry_hut,
          guppyfry_snake_entry_island, grunt_megastairs_4
Lair:3:   layout_regular_city, nicolae_quartered_pool_super,
          roderic_carrion_pond, grunt_megastairs_3, uniq_rupert
Lair:4:   dreamdust_labyrinth, layout_cave_pods, cheibrodos_lair_caveside_slide,
          infiniplex_staircase_pool_2, serial_bayou_shore_a, grunt_megastairs_2
Lair:5:   grunt_lair_end_beastmaster, layout_regular_city,
          nicolae_slime_entry_field_trip, grunt_megastairs_5
Shoals:1: layout_shoals, nicolae_shop_dragon_depot

Skill      XL: |  1  2  3  4  5  6  7  8  9 10 11 12 13 14 |
---------------+-------------------------------------------+-----
Fire Magic     | 4 5 6 7 8 10 12 13 15 16 18 19 | 19.2
Spellcasting   | 3 4 5 7 8 9 11 12 13 | 13.9
Conjurations   | 2 5 7 9 10 11 12 | 12.4
Fighting       | 2 5 6 |  6.6
Dodging        | 3 6 7 |  7.8
Stealth        | |  1.4

Action                     |  1- 3 |  4- 6 |  7- 9 | 10-12 | 13-15 || total
---------------------------+-------+-------+-------+-------+-------++-------
  Melee: Rapier            |       |       |    30 |    14 |    13 ||    57
         Punch             |       |       |       |     1 |       ||     1
   Cast: Foxfire           |    18 |    34 |    30 |     1 |     1 ||    84
         Scorch            |    21 |    24 |    87 |    93 |    91 ||   316
         Flame Wave        |       |       |    13 |    23 |    15 ||    51
         Arcjolt           |       |       |       |       |    56 ||    56
         Irradiate         |       |       |       |       |     7 ||     7
  Evoke: Wand              |       |       |       |       |     7 ||     7
    Use: Scroll            |     2 |     2 |     8 |     3 |     5 ||    20
 Armour: Robe              |     6 |     6 |    57 |    41 |    70 ||   180
  Dodge: Dodged            |     8 |    10 |    63 |    83 |   215 ||   379

Table legend: (Time is in decaauts)
 A = Elapsed time spent in this place.
 B = Non-inter-level travel time spent in this place.
 C = Inter-level travel time spent in this place.
 D = Time resting spent in this place.
 E = Time spent auto-exploring this place.
 F = Levels seen in this place.
 G = Mean time per level.
                   A        B        C        D        E       F      G
               +--------+--------+--------+--------+--------+-----+--------+
         Total |   5961 |   5611 |    350 |      0 |   2735 |  16 |  372.6 |
       Dungeon |   3730 |   3621 |    109 |      0 |   2459 |   9 |  414.4 |
          Lair |   1786 |   1545 |    241 |      0 |    256 |   5 |  357.2 |
        Shoals |    240 |    240 |      0 |      0 |      6 |   1 |  240.0 |
       Ossuary |    202 |    202 |      0 |      0 |     14 |   1 |  202.0 |
               +--------+--------+--------+--------+--------+-----+--------+

Top non-repeatable levels by time:
  Lair:5: 813 daAuts
     D:8: 692 daAuts
     D:2: 623 daAuts
     D:5: 499 daAuts
     D:6: 495 daAuts
  Lair:3: 428 daAuts
     D:1: 376 daAuts
  Lair:2: 339 daAuts
     D:4: 327 daAuts
     D:7: 277 daAuts
     D:9: 250 daAuts
Shoals:1: 240 daAuts
 Ossuary: 202 daAuts
     D:3: 187 daAuts
  Lair:1: 102 daAuts
